 Dungeon Crawl Stone Soup version 0.30.0-17-ge0270778cf (webtiles) character file.

Game seed: 9077938992452642600

3434 Kenran the Carver (level 10, -2/72 (80) HPs)
             Began as a Formicid Fighter on May 21, 2023.
             Was a Follower of Wu Jian.
             Slain by a two-headed ogre
             ... wielding a +0 giant club
              (12 damage)
             ... on level 8 of the Dungeon.
             The game lasted 00:13:19 (7913 turns).

Kenran the Carver (Formicid Fighter)                Turns: 7913, Time: 00:13:19

HP:   -2/72 (80)    AC: 12    Str: 20    XL:     10   Next: 25%
MP:   10/10         EV:  5    Int:  9    God:    Wu Jian [*.....]
Gold: 214           SH: 10    Dex: 17    Spells: 9/9 levels left

rFire   . . .        a - +2 scimitar
rCold   . . .        c - +0 buckler
rNeg    + . .        i - +0 plate armour
rPois   .            (helmet unavailable)
rElec   .            (no cloak)
rCorr   .            (no gloves)
SInv    +            n - +0 pair of boots
Will    +....        h - amulet of reflection Stlth
                     l - ring of positive energy
HPRegen 0.32/turn    (no ring)
MPRegen 0.12/turn

%: reflection
@: heavily drained
A: permanent stasis, dig shafts and tunnels, antennae 3, four strong arms
a: Dig, Shaft Self, Renounce Religion


You were on level 8 of the Dungeon.
You worshipped Wu Jian.
Wu Jian was aware of your devotion.
You visited 2 branches of the dungeon, and saw 10 of its levels.

You collected 383 gold pieces.
You spent 169 gold pieces at shops.

Inventory:

Hand Weapons
 a - a +2 scimitar (weapon)
 g - a +3 long sword of holy wrath
Armour
 c - a +0 buckler (worn)
 i - a +0 plate armour (worn)
 n - a +0 pair of boots (worn)
Jewellery
 h - an amulet of reflection (around neck)
 l - a ring of positive energy (left hand)
Wands
 b - a wand of mindburst (6)
 s - a wand of digging (5)
 u - a wand of charming (18)
 v - a wand of iceblast (9)
 z - a wand of polymorph (11)
Scrolls
 d - 4 scrolls of amnesia
 e - 2 scrolls of enchant armour
 f - 2 scrolls of poison {!r}
 p - a scroll of vulnerability {unknown}
 q - a scroll of fog
 x - 2 scrolls of silence
 y - 3 scrolls of enchant weapon
 A - a scroll of magic mapping
 C - a scroll of fear
Potions
 j - a potion of flight {unknown}
 k - a potion of attraction {unknown}
 m - 3 potions of curing {@q1}
 o - a potion of cancellation {unknown}
 r - a potion of lignification {unknown}
 t - 4 potions of brilliance {unknown}
 w - a potion of haste {unknown}
 B - 2 potions of ambrosia {unknown}


   Skills:
 + Level 8.2 Fighting
 - Level 12.0 Long Blades
 - Level 3.2 Armour
 - Level 4.0 Shields
 - Level 3.0 Evocations


You had 9 spell levels left.
You didn't know any spells.
Your spell library contained the following spells:

 Spells                   Type           Power      Damage    Failure   Level
 Lesser Beckoning         Tloc           0%         N/A       100%        2
 Dazzling Flash           Conj/Hex       0%         N/A       100%        3
 Gell's Gravitas          Tloc           0%         N/A       100%        3
 Teleport Other           Tloc           0%         N/A       100%        3
 Agony                    Necr           0%         N/A       100%        5
 Silence                  Hex/Air        0%         N/A       100%        5
 Dispersal                Tloc           0%         N/A       100%        6


Dungeon Overview and Level Annotations

Branches:
Dungeon (9/15)             Temple (1/1) D:7
   Lair: D:8-11         Orc: D:9-12

Altars:
Ashenzari
Cheibriados
Dithmenos
Elyvilon
Fedhas
Gozag
Hepliaklqana
Kikubaaqudgha
Nemelex Xobeh
Okawaru
Ru
Sif Muna
Trog
Uskayaw
Wu Jian
Xom
Yredelemnul
Zin
The Shining One

Shops:
D:1 [   D:6 *   D:7 *

Annotations:
D:9 Maggie
Temple 2 transporters


Innate Abilities, Weirdness & Mutations

You cannot be hasted, slowed, berserked, paralysed or teleported.
You can dig through walls and to a lower floor.
You have a pair of large antennae on your head. (SInv)
Your four strong arms can wield two-handed weapons with a shield.


Message History

You closely miss the orc. The orc hits you but does no damage.
You slash the orc!
You kill the orc!
The Council accepts your kill.
The orc wizard gestures wildly while chanting.
The orc wizard flickers and vanishes for a moment.
The orc warrior hits you with a +0 war axe!
The orc hits you but does no damage. You block the two-headed ogre's attack.
The two-headed ogre completely misses you.
You climb upwards.
There is a stone staircase leading down here.
You extend your mandibles.
You dig through the rock wall.
You feel drained. The orc warrior barely misses you.
You dig through the rock wall.
You feel drained. The orc attacks as you move away!
The orc hits you with a +0 dagger.
You dig through the rock wall.
You feel drained.
You retract your mandibles.
You hit the two-headed ogre.
The two-headed ogre is lightly wounded.
The two-headed ogre hits you with a +0 giant club!
You block the two-headed ogre's attack.
You slash the two-headed ogre!
The two-headed ogre is moderately wounded.
You hit the two-headed ogre but do no damage.
The two-headed ogre is moderately wounded.
The two-headed ogre hits you with a +0 giant club! x2
You are too injured to fight recklessly!
You barely miss the two-headed ogre.
The two-headed ogre is moderately wounded.
The two-headed ogre hits you with a +0 giant club!!
* * * LOW HITPOINT WARNING * * *
You block the two-headed ogre's attack.
You barely miss the two-headed ogre.
The two-headed ogre is moderately wounded.
Aiming: Mindburst
Press: ? - help, Shift-Dir - straight line, f - two-headed ogre
Aim: a two-headed ogre, wielding two +0 giant clubs (moderately wounded, chance to affect: 60%)
The two-headed ogre resists with significant effort.
The two-headed ogre hits you with a +0 giant club!
You die...

#....[###)#####
#########....).........
#..........######......
##########...(......# #..)....
#.........)..[(.....#####.##....
#[..........<)>{........#.......
#...........###{##'.....####.###
#...........# ##O#'.....#....#..
#...........# #@###.....#.#.####
#..[........# ### #.....#.#.#
#<..........# ###.....#...####
#...........# #....(.........#
#...........# #..............#
#...........# #..............#
#...........# #..............#
############# ################


You could see a two-headed ogre.

Vanquished Creatures
  A two-headed ogre (D:8)
  A steam dragon (D:6)
  Menkaure (D:7)
  An acid dragon (D:8)
  3 orc warriors (D:8)
  A sky beast (D:7)
  An ice beast (D:7)
  A centaur (D:7)
  A phantom (D:6)
  2 kobold brigands
  3 bullfrogs
  8 wights
  4 killer bees (D:6)
  A howler monkey (D:4)
  2 hounds
  5 orc priests
  A gnoll bouda (D:6)
  A jelly (D:7)
  A sleepcap (D:7)
  4 iguanas
  7 orc wizards
  Terence (D:2)
  10 gnolls
  6 adders
  2 white imps (D:6)
  An ufetubus (D:7)
  2 worms
  2 dart slugs
  24 orcs
  11 bats
  10 endoplasms
  3 giant cockroaches
  13 goblins
  11 hobgoblins
  7 jackals
  4 quokkas
  10 ball pythons
  5 frilled lizards
  19 kobolds
  6 rats
197 creatures vanquished.

Notes
Turn   | Place    | Note
-------+----------+-------------------------------------------
     0 | D:1      | Kenran the Formicid Fighter began the quest for the Orb.
     0 | D:1      | Reached XP level 1. HP: 18/18 MP: 1/1
    64 | D:1      | Reached XP level 2. HP: 20/24 MP: 2/2
   131 | D:1      | Reached skill level 3 in Long Blades
   290 | D:1      | Reached XP level 3. HP: 27/29 MP: 3/3
   715 | D:1      | Found Abbaocir's Armour Boutique.
   835 | D:2      | Found a faded altar of an unknown god.
   860 | D:2      | Reached skill level 4 in Long Blades
   860 | D:2      | Reached XP level 4. HP: 35/35 MP: 4/4
   943 | D:2      | Found a broken altar of Ashenzari.
  1300 | D:2      | Noticed Terence
  1314 | D:2      | Killed Terence
  1414 | D:2      | Reached XP level 5. HP: 41/41 MP: 5/5
  1726 | D:2      | Reached skill level 5 in Long Blades
  2210 | D:3      | Found a white marble altar of Elyvilon.
  2233 | D:3      | Reached XP level 6. HP: 42/47 MP: 6/6
  2922 | D:3      | Reached skill level 6 in Long Blades
  3263 | D:4      | Reached XP level 7. HP: 44/52 MP: 7/7
  3493 | D:4      | Reached skill level 7 in Long Blades
  3705 | D:5      | Entered Level 5 of the Dungeon
  3797 | D:5      | Found a hazy altar of Hepliaklqana.
  4290 | D:5      | Reached skill level 8 in Long Blades
  4368 | D:6      | Reached XP level 8. HP: 27/58 MP: 8/8
  4604 | D:6      | Reached skill level 9 in Long Blades
  4712 | D:6      | Found an iron altar of Okawaru.
  5208 | D:6      | Identified the +0 pearl dragon scales of Ignis's Envy {Harm
                  | rF- rN+ Str+6 Stlth+}
  5324 | D:6      | Found Ruizab's Assorted Antiques.
  5329 | D:6      | Bought a glowing long sword for 169 gold pieces
  5527 | D:7      | Noticed Menkaure
  5546 | D:7      | Killed Menkaure
  5547 | D:7      | Reached skill level 10 in Long Blades
  5710 | D:7      | Reached XP level 9. HP: 64/65 MP: 9/9
  5828 | D:7      | Found a staircase to the Ecumenical Temple.
  5845 | D:7      | Reached skill level 5 in Fighting
  5861 | Temple   | Entered the Ecumenical Temple
  5861 | Temple   | Found a transporter.
  5861 | Temple   | Found a transporter.
  5941 | Temple   | Found a transporter.
  5941 | Temple   | Found a transporter.
  5959 | Temple   | Became a worshipper of the Wu Jian Council
  5983 | D:7      | Found Hebyod's Island Escapes.
  6942 | D:8      | Reached skill level 11 in Long Blades
  7340 | D:8      | Reached * piety under Wu Jian
  7435 | D:8      | Noticed a two-headed ogre
  7443 | D:8      | Killed a two-headed ogre
  7444 | D:8      | Reached skill level 12 in Long Blades
  7444 | D:8      | Reached XP level 10. HP: 19/79 MP: 10/10
  7896 | D:9      | Noticed a two-headed ogre
  7901 | D:9      | Noticed Maggie
  7913 | D:8      | Slain by a two-headed ogre

Illustrated notes

Levels and vault maps discovered:
D:1:      wander_arrival_lonely_grave, layout_basic, serial_shops,
          nicolae_shop_statue_plus, minmay_hexomino_c4
D:2:      kb_forest_paths, layout_basic, basic_altar,
          chequers_ecumenical_altar_simple, uniq_terence
D:3:      layout_basic, elyvilon_altar_5, serial_corexii_hall,
          chequers_hall_statues_y, corexii_hall_statues_s,
          corexii_hall_statues_i, chequers_hall_statues_corner_a,
          minmay_goblin_outpost
D:4:      layout_basic
D:5:      layout_basic, mainiacjoe_overflow_alcove_4, makhleb_altar_promises_db
D:6:      layout_basic, mainiacjoe_overflow_surrounded_room, serial_shops,
          nicolae_shop_tiny_statue_garden, chequers_arboretum
D:7:      layout_basic, minmay_temple_entry_drinking_statues,
          nicolae_island_escapes, uniq_menkaure
D:8:      layout_basic, grunt_ministairs_10
D:9:      layout_rooms, nicolae_vehumet_altar_sigil, hellmonk_lair_entry_icy,
          orc_0_dummy, st_stairs_8, uniq_pikel, uniq_grum, uniq_maggie
Temple:   hellmonk_temple_divided_pantheon

Skill      XL: |  1  2  3  4  5  6  7  8  9 10 |
---------------+-------------------------------+-----
Long Blades    | 3 4 5 6 8 10 12 | 12.0
Evocations     | 3 |  3.0
Fighting       | 4 7 8 |  8.2
Armour         | |  3.2
Shields        | |  4.0

Action                     |  1- 3 |  4- 6 |  7- 9 | 10-12 || total
---------------------------+-------+-------+-------+-------++-------
  Melee: Long sword        |   126 |   242 |   380 |    22 ||   770
         Scimitar          |       |       |       |     9 ||     9
Ability: Dig               |       |       |     4 |     1 ||     5
         Lunge             |       |       |     5 |       ||     5
  Evoke: Wand              |       |       |     6 |     1 ||     7
    Use: Potion            |     1 |       |     3 |       ||     4
         Scroll            |       |     4 |     8 |     1 ||    13
 Armour: Scale mail        |    59 |    29 |       |       ||    88
         Chain mail        |       |    60 |       |       ||    60
         Plate armour      |       |    15 |   162 |     3 ||   180
  Dodge: Dodged            |    57 |    63 |    66 |     4 ||   190
  Block: Buckler           |    60 |   112 |   193 |    10 ||   375
         Reflection        |       |     2 |     6 |       ||     8
